 Dungeon Crawl Stone Soup version 0.21.0-37-g46506fa (webtiles) character file.

16398 pokedragonboy the Cleaver (level 12, -4/130 HPs)
             Began as a Gargoyle Fighter on Feb 1, 2018.
             Was a Believer of Ru.
             Slain by a sun demon (5 damage)
             ... summoned by Frances
             ... on level 12 of the Dungeon.
             The game lasted 00:30:45 (9930 turns).

pokedragonboy the Cleaver (Gargoyle Fighter)        Turns: 9930, Time: 00:30:46

Health: -4/130     AC: 26    Str: 22    XL:     12   Next: 37%
Magic:  12/12      EV:  2    Int: 11    God:    Ru [**....]
Gold:   706        SH:  9    Dex: 10    Spells: 11/11 levels left

rFire    + . .     SeeInvis .   H - +3 war axe
rCold    + . .     Gourm    .   c - +0 shield
rNeg     + + +     Faith    .   (armour currently unavailable)
rPois    ∞         Spirit   .   (helmet currently unavailable)
rElec    .         Reflect  .   (cloak currently unavailable)
rCorr    .         Harm     .   (gloves currently unavailable)
MR       .....     NoTele   +   (boots currently unavailable)
Stlth    +.........             D - amulet of Vitality {Regen+ HP+15}
HPRegen  0.71/turn              y - ring of protection from fire
MPRegen  0.13/turn              B - ring of protection from cold

@: tree-form
A: frail 1, negative energy resistance 1, petrification resistance, rot
immunity, AC +8
a: Renounce Religion


You were on level 12 of the Dungeon.
You worshipped Ru.
Ru was pleased with you.
You were not hungry.
You were a tree.
You visited 2 branches of the dungeon, and saw 13 of its levels.

You collected 706 gold pieces.

Inventory:

Hand Weapons
 A - a +6 mace of protection
 H - a +3 war axe (weapon)
Missiles
 C - 9 tomahawks (quivered)
Armour
 c - a +0 shield (worn)
 i - a +0 cloak (melded)
 x - a +0 plate armour (melded)
 M - a +2 hat (melded)
Jewellery
 y - a ring of protection from fire (left branch)
 B - a ring of protection from cold (right branch)
 D - the amulet of Vitality (around neck) {Regen+ HP+15}
   (You found it on level 8 of the Dungeon)

   [amulet of regeneration]

   It affects your health (+15).
   It increases your rate of regeneration.
Wands
 a - a wand of random effects (28)
 l - a wand of disintegration (2)
 v - a wand of flame (20)
 F - a wand of polymorph (18)
 I - a wand of paralysis (26)
 L - a wand of digging (18)
Scrolls
 b - a scroll of fear {unknown}
 e - a scroll of enchant armour {unknown}
 k - 3 scrolls of enchant weapon
 o - 2 scrolls of remove curse
 r - 8 scrolls of identify
 t - 2 scrolls of magic mapping {unknown}
 u - a scroll of fog {unknown}
 w - 3 scrolls of amnesia
 E - 2 scrolls of teleportation {unknown}
 G - a scroll of immolation {unknown}
 J - a scroll of random uselessness {unknown}
Potions
 d - a potion of haste
 g - 2 potions of mutation {unknown}
 h - a potion of heal wounds {unknown}
 j - a potion of flight
 m - 2 potions of magic {unknown}
 n - a potion of invisibility
 p - 2 potions of lignification
 s - 3 potions of cancellation
 K - a potion of ambrosia {unknown}
 N - a potion of brilliance {unknown}
Miscellaneous
 q - a phial of floods (inert)
Comestibles
 f - 22 rations
 O - a chunk of flesh


   Skills:
 + Level 11.3 Fighting
 * Level 12.7 Axes
 + Level 11.3 Armour
 - Level 3.2 Shields


You had 11 spell levels left.
You didn't know any spells.

Dungeon Overview and Level Annotations

Branches:
Dungeon (12/15)            Temple (1/1) D:6            Lair (0/6) D:10
    Orc (0/2) D:11

Altars:
Ashenzari
Dithmenos
Elyvilon
Fedhas
Makhleb
Nemelex Xobeh
Ru
Sif Muna
Vehumet
Wu Jian
Xom
Yredelemnul
Zin
The Shining One

Shops:
D:11 [(

Annotations:
D:12 Frances


Innate Abilities, Weirdness & Mutations

You are resistant to torment.
((Your stone body is resilient. (AC +8)))
You are immune to poison.
You are frail. (-10% HP)
You resist negative energy. (rN+)
((You are resistant to electric shocks. (rElec)))
((You can survive without breathing.))
You are immune to petrification.
You are immune to rotting.


Message History

Frances mutters in a terrible tongue.
The iron shot hits you! The hellwing hits you!
* * * LOW HITPOINT WARNING * * *
You block the hellwing's attack. The sun demon barely misses you.
Frances is stunned by your will and fails to attack.
You hear a shout!
Unknown command.
You slice Frances!!
Frances is moderately wounded.
You slash the hellwing! You hit the smoke demon. You hit the sun demon.
You hear an angry hiss.
You block the sun demon's attack. The hellwing hits you.
* * * LOW HITPOINT WARNING * * *
You block the hellwing's attack. Frances hits you but does no damage.
The smoke demon hits you but does no damage. x3
It was a potion of flight.
Your roots keep you in place.
The sun demon hits you.
* * * LOW HITPOINT WARNING * * *
You are engulfed in flames.
You resist.
You die...

.#. @c. .# c.
#######+####
.###..........#######
..#4.........'......
#<#♣3........#######
#.#@3........# #
#.)c.........#
###(.........#
############


You could see Frances, a sun demon, a hellwing, a smoke demon and a centaur.

Vanquished Creatures
  The ghost of air the Fighter, a journeyman GnAK of Lugonu (D:8)
  5 death yaks (D:10)
  2 two-headed ogres
  An unseen horror (D:10)
  2 ugly things (D:11)
  An orc knight (D:11)
  2 cyclopes (D:7)
  2 gargoyles
  A kobold demonologist (D:9)
  A troll (D:12)
  A hippogriff (D:8)
  6 yaks (D:11)
  A wraith (D:9)
  A wyvern (D:11)
  A vampire mosquito (D:7)
  A hungry ghost (D:8)
  2 orc warriors (D:11)
  6 ogres
  A black bear (D:7)
  3 ice beasts
  A phantom (D:6)
  2 sky beasts
  7 centaurs
  11 big kobolds
  5 bullfrogs
  A wyvern zombie (D:10)
  5 scorpions
  3 killer bees (D:7)
  6 wights
  5 howler monkeys
  9 crimson imps
  A bullfrog zombie (D:11)
  2 centaur zombies
  2 quasits
  3 hounds
  4 jellies
  3 bullfrog skeletons
  3 orc priests
  3 orc wizards
  A centaur skeleton (D:4)
  Jessica (D:2)
  6 iguanas
  12 worker ants
  2 hound skeletons
  A howler monkey skeleton (D:8)
  A howler monkey zombie (D:7)
  3 gnolls (D:5)
  9 adders
  3 shadow imps
  An adder zombie (D:8)
  2 dart slugs (D:1)
  3 leopard geckos
  31 orcs
  2 ball pythons
  6 giant cockroaches
  7 hobgoblins
  14 jackals
  30 kobolds
  7 quokkas
  9 bats
  3 frilled lizards
  10 goblins
  2 quokka skeletons
  A quokka zombie (D:8)
  8 rats
292 creatures vanquished.

Vanquished Creatures (others)
  A tengu warrior (D:7)
  An ice beast (D:7)
  A worker ant (D:7)
3 creatures vanquished.

Grand Total: 295 creatures vanquished

Notes
Turn   | Place    | Note
-------+----------+-------------------------------------------
     0 | D:1      | pokedragonboy the Gargoyle Fighter began the quest for the Orb.
     0 | D:1      | Reached XP level 1. HP: 14/14 MP: 1/1
    64 | D:1      | Reached skill level 2 in Axes
   121 | D:1      | Reached XP level 2. HP: 19/19 MP: 2/2
   276 | D:1      | Reached XP level 3. HP: 22/23 MP: 3/3
  1108 | D:2      | Noticed Jessica
  1111 | D:2      | Killed Jessica
  1111 | D:2      | Reached skill level 3 in Axes
  1111 | D:2      | Reached XP level 4. HP: 29/29 MP: 4/4
  1887 | D:3      | Reached XP level 5. HP: 33/33 MP: 5/5
  1935 | D:3      | Found a faded altar of an unknown god.
  2522 | D:4      | Reached skill level 4 in Axes
  2522 | D:4      | Reached XP level 6. HP: 38/39 MP: 6/6
  3036 | D:5      | Entered Level 5 of the Dungeon
  3194 | D:5      | Reached skill level 5 in Fighting
  3194 | D:5      | Reached skill level 5 in Armour
  3194 | D:5      | Reached XP level 7. HP: 44/44 MP: 7/7
  3305 | D:5      | Reached skill level 5 in Axes
  3508 | D:5      | Got a faintly humming chain mail
  3892 | D:5      | Reached XP level 8. HP: 42/51 MP: 8/8
  3934 | D:5      | Reached skill level 6 in Axes
  4273 | D:6      | Found a shattered altar of Ashenzari.
  4757 | D:6      | Found an ornate altar of the Wu Jian Council.
  4834 | D:6      | Found a shimmering altar of Xom.
  4835 | D:6      | Found a glowing silver altar of Zin.
  4835 | D:6      | Noticed an angel
  4909 | D:6      | Found a staircase to the Ecumenical Temple.
  4932 | Temple   | Entered the Ecumenical Temple
  4946 | Temple   | Became a worshipper of Ru the Awakened
  5166 | D:7      | Reached skill level 7 in Axes
  5186 | D:7      | Found a sand-covered staircase.
  5307 | D:7      | Reached XP level 9. HP: 38/56 MP: 9/9
  5405 | D:7      | Found a sparkling altar of Nemelex Xobeh.
  5581 | D:7      | Noticed a cyclops
  5598 | D:7      | Killed a cyclops
  5598 | D:7      | Reached skill level 8 in Axes
  5649 | D:7      | Found the +4 dagger "Morg" {pain, MR+ Int+5}
  5654 | D:7      | Noticed a tengu warrior
  5680 | D:7      | Noticed a gargoyle
  5683 | D:7      | Killed a tengu warrior
  5688 | D:7      | Reached skill level 9 in Axes
  5698 | D:7      | Killed a gargoyle
  5698 | D:7      | Reached XP level 10. HP: 21/64 MP: 10/10
  5700 | D:7      | Identified the Incunabulum of Twisted Earth
  5965 | D:7      | Identified the +4 chain mail "Ferunina" {+Blink MR- MP+9 Int+3} (You found it on level 5 of the Dungeon)
  5977 | D:7      | Found a burning altar of Makhleb.
  5979 | D:7      | Found a deep blue altar of Sif Muna.
  6058 | D:7      | Found a radiant altar of Vehumet.
  6058 | D:7      | Found a shadowy altar of Dithmenos.
  6242 | D:7      | Noticed a cyclops
  6256 | D:7      | Killed a cyclops
  6611 | D:8      | Found the amulet of Vitality {Regen+ HP+15}
  6765 | D:8      | Noticed air's ghost (journeyman GnAK)
  6827 | D:8      | Reached skill level 10 in Axes
  7039 | D:8      | Killed air's ghost
  7171 | D:8      | Found a glowing golden altar of the Shining One.
  7657 | D:9      | Noticed a kobold demonologist
  7662 | D:9      | Noticed a sun demon
  7664 | D:9      | Noticed a rust devil
  7667 | D:9      | Noticed a rust devil
  7673 | D:9      | Killed a kobold demonologist
  7673 | D:9      | Reached XP level 11. HP: 71/71 MP: 11/11
  7746 | D:9      | Noticed a two-headed ogre
  7754 | D:9      | Killed a two-headed ogre
  7754 | D:9      | Reached skill level 11 in Axes
  7859 | D:10     | Entered Level 10 of the Dungeon
  8041 | D:10     | Found a blossoming altar of Fedhas.
  8147 | D:10     | Killed an unseen horror
  8147 | D:10     | Reached skill level 10 in Fighting
  8147 | D:10     | Reached skill level 10 in Armour
  8442 | D:10     | Noticed a death yak
  8445 | D:10     | Noticed a death yak
  8448 | D:10     | Noticed a death yak
  8449 | D:10     | Noticed a death yak
  8451 | D:10     | Noticed a death yak
  8457 | D:10     | Killed a death yak
  8462 | D:10     | Killed a death yak
  8469 | D:10     | Killed a death yak
  8482 | D:10     | Killed a death yak
  8487 | D:10     | Killed a death yak
  8492 | D:10     | Found a staircase to the Lair.
  8622 | D:11     | Noticed a two-headed ogre
  8633 | D:11     | Killed a two-headed ogre
  8633 | D:11     | Reached skill level 12 in Axes
  8704 | D:11     | Noticed a purple ugly thing
  8723 | D:11     | Killed a purple ugly thing
  8837 | D:11     | Reached XP level 12. HP: 79/79 MP: 12/12
  8884 | D:11     | Found Fulotuat's Weapon Boutique.
  8886 | D:11     | Found a staircase to the Orcish Mines.
  8894 | D:11     | Found Zueko's Armour Boutique.
  9685 | D:12     | Gained mutation: You are frail. (-10% HP) [Ru sacrifice]
  9685 | D:12     | Reached * piety under Ru
  9685 | D:12     | Reached ** piety under Ru
  9907 | D:12     | Noticed Frances
  9924 | D:12     | Noticed a sun demon
  9928 | D:12     | HP: 1/130 [hellwing[Frances] (8)]
  9930 | D:12     | Slain by a sun demon

Skill      XL: |  1  2  3  4  5  6  7  8  9 10 11 12 |
---------------+-------------------------------------+-----
Axes           | 2 3 4 5 7 9 10 12 | 12.7
Fighting       | 4 5 6 8 9 10 11 | 11.3
Armour         | 4 5 6 8 9 10 11 | 11.3
Shields        | |  3.2

Action                   |  1- 3 |  4- 6 |  7- 9 | 10-12 || total
-------------------------+-------+-------+-------+-------++-------
Melee: War axe           |   104 |   164 |   374 |   557 ||  1199
Invok: Sacrifice Health  |       |       |       |     1 ||     1
Evoke: Wand              |       |       |     4 |    23 ||    27
       Phial of floods   |       |       |       |     1 ||     1
  Use: Scroll            |       |     4 |     5 |     3 ||    12
       Potion            |       |       |     2 |     7 ||     9
 Stab: Invisible         |       |       |     3 |       ||     3
  Eat: Chunk             |     1 |     7 |     9 |    16 ||    33
Armor: Scale mail        |    65 |    52 |       |       ||   117
       Plate armour      |       |    32 |   258 |   363 ||   653
       Skin              |       |       |       |     5 ||     5
Dodge: Dodged            |    40 |    48 |    70 |    93 ||   251
Block: Shield            |    74 |    85 |   184 |   196 ||   539
